 Dungeon Crawl Stone Soup version 0.32-a0-411-g744942f433 (webtiles) character file.

Game seed: 15201504616477770711

396 ezpacito the Chopper (level 6, -5/48 HPs)
             Began as a Demonspawn Chaos Knight on Feb 20, 2024.
             Was a Plaything of Xom.
             Slain by a lemure (6 damage)
             ... led by Pikel
             ... on level 4 of the Dungeon.
             The game lasted 00:04:36 (2332 turns).

ezpacito the Chopper (Demonspawn Chaos Knight)      Turns: 2332, Time: 00:04:36

Health: -5/48      AC: 10    Str: 13    XL:     6   Next: 52%
Magic:  7/7        EV: 11    Int: 16    God:    Xom [..*...]
Gold:   160        SH:  0    Dex: 12    Spells: 4/7 levels left

rFire   . . .        a - +0 hand axe (chaos)
rCold   + . .        (no shield)
rNeg    . . .        h - +2 leather armour {rC+}
rPois   .            d - +2 helmet
rElec   .            (no cloak)
rCorr   .            (no gloves)
SInv    +            (no boots)
Will    .....        (no amulet)
Stlth   ++           l - ring of see invisible
HPRegen 0.28/turn    (no ring)
MPRegen 0.10/turn

%: clarity
@: wreathed by umbra
A: icy blue scales 1, foul shadow 1, clarity, clever 1, low MP 1, sense
surroundings 1
a: Renounce Religion


You were on level 4 of the Dungeon.
You worshipped Xom.
You were a toy of Xom.
You visited 1 branch of the dungeon, and saw 4 of its levels.

You collected 160 gold pieces.

Inventory:

Hand Weapons
 a - a +0 hand axe of chaos (weapon)
Missiles
 r - 2 throwing nets (quivered)
 t - 6 javelins
Armour
 d - a +2 helmet (worn)
 h - a +2 leather armour of cold resistance (worn)
 p - a +2 helmet
 v - a +0 chain mail
 y - a +0 plate armour
Jewellery
 l - a ring of see invisible (left hand)
Talismans
 i - a serpent talisman
 q - a maw talisman
Wands
 x - a wand of paralysis (7)
Scrolls
 e - a scroll of poison
 f - a scroll of vulnerability
 k - a scroll of noise
 o - a scroll of immolation
 s - a scroll of teleportation {unknown}
 w - a scroll of torment {unknown}
Potions
 c - 2 potions of heal wounds {unknown}
 g - 3 potions of curing
 j - a potion of haste {unknown}
 n - a potion of degeneration {unknown}
 u - 2 potions of might {unknown}


   Skills:
 * Level 4.0 Fighting
 * Level 4.1 Axes
 * Level 2.5 Armour
 * Level 2.1 Dodging
 * Level 2.1 Stealth
 * Level 1.3 Unarmed Combat
 * Level 1.2 Spellcasting
 * Level 0.7 Conjurations
 * Level 0.7 Alchemy
 * Level 0.7 Evocations


You had 4 spell levels left.
You knew the following spells:

 Your Spells              Type           Power      Damage    Failure   Level
a - Mephitic Cloud        Conj/Alch/Air  2%         N/A       56%         3

Your spell library contained the following spells:

 Spells                   Type           Power      Damage    Failure   Level
 Mercury Vapours          Alch/Air       4%         N/A       36%         2
 Lesser Beckoning         Tloc           0%         N/A       41%         2
 Gell's Gravitas          Tloc           0%         N/A       65%         3
 Teleport Other           Tloc           0%         N/A       65%         3
 Tukima's Dance           Hex            0%         N/A       65%         3
 Leda's Liquefaction      Alch/Erth      1%         N/A       94%         4
 Passage of Golubria      Tloc           0%         N/A       96%         4
 Freezing Cloud           Conj/Ice/Air   0%         6-21      100%        5
 Lee's Rapid Deconstruct  Erth           0%         3d4*      100%        5
 Yara's Violent Unravell  Hex/Alch       1%         3d3       100%        5
 Bombard                  Conj/Erth      1%         9d1       100%        6


Dungeon Overview and Level Annotations

Branches:
Dungeon (4/15)
 Temple: D:4-7

Altars:
Qazlal

Annotations:
D:4 Pikel


Innate Abilities, Weirdness & Mutations

You are partially covered in icy blue scales. (AC +2)
You are faintly shadowed, very rarely releasing foul flame when damaged in melee.
You possess an exceptional clarity of mind.
Your mind is acute. (Int +4, Str/Dex -1)
Your magical capacity is low. (-10% MP)
You passively map a small area around you.


Message History

Pikel is lightly wounded.
You hit the lemure but do no damage. Lightning courses through the lemure!
You hit the lemure. You burn the lemure. You hit the lemure but do no damage.
You closely miss the lemure. The lemure barely misses you.
The lemure completely misses you. The lemure closely misses you.
The lemure hits you but does no damage.
The helpless Pikel fails to defend himself.
You hit Pikel but do no damage.
Pikel is lightly wounded.
You closely miss the lemure. You miss the lemure. You barely miss the lemure.
You hit the lemure.
The lemure suddenly seems more resistant.
Pikel is no longer paralysed.
The lemure hits you!
Pikel hits you with a +1 whip of flaming.
Pikel burns you. The lemure hits you. The lemure barely misses you.
You hit Pikel. You burn Pikel.
Pikel is moderately wounded.
You hit the lemure but do no damage. You barely miss the lemure.
You hit the lemure. You hit the lemure but do no damage. The lemure hits you.
Pikel barely misses you. The lemure misses you. The lemure hits you!
* * * LOW HITPOINT WARNING * * *
The lemure misses you.
You closely miss Pikel.
Pikel is moderately wounded.
You hit the lemure but do no damage.
The lemure becomes as fragile as glass!
You miss the lemure. You hit the lemure. You burn the lemure.
You hit the lemure. You burn the lemure. Pikel closely misses you.
The lemure hits you!
* * * LOW HITPOINT WARNING * * *
The lemure barely misses you.
The lemure hits you but does no damage. x2
Pikel hits you with a +1 whip of flaming.
* * * LOW HITPOINT WARNING * * *
Pikel burns you.
* * * LOW HITPOINT WARNING * * *
Pikel is seared by the foul flame within you!
Pikel is moderately wounded.
The lemure barely misses you. The lemure hits you but does no damage.
The lemure hits you.
You die...
Xom chortles!

* #.....# #.# #.#
#.....# #.# .#
#.....# #.# ,
###########.# *
,#......##.###### *
#......##......#* ,
,
#......#######.#*,
,#....K.........# ,
,#..†@5.#########*,
, #..555......# *,
, ,#...g.......# ,*
* #...........# , ,
###.###.....# * *
#. .....# * *#!
,.....# , .. .....#


You could see Pikel, 4 lemures and a hobgoblin.

Vanquished Creatures
  Eustachio (D:4)
  A bombardier beetle (D:3)
  A jelly (D:4)
  A gnoll (D:1)
  7 adders
  A dart slug (D:2)
  4 orcs (D:3)
  6 ball pythons
  3 bats
  5 endoplasms
  5 goblins
  4 hobgoblins
  4 jackals (D:2)
  6 quokkas
  2 frilled lizards (D:2)
  8 kobolds
  6 rats
65 creatures vanquished.

Vanquished Creatures (collateral kills)
  An orc (D:3)
1 creature vanquished.

Vanquished Creatures (others)
  A rat zombie (D:2)
1 creature vanquished.

Grand Total: 67 creatures vanquished

Notes
Turn   | Place    | Note
-------+----------+-------------------------------------------
     0 | D:1      | ezpacito the Demonspawn Chaos Knight began the quest for
                  | the Orb.
     0 | D:1      | Reached XP level 1. HP: 18/18 MP: 1/1
    32 | D:1      | XOM: silly message
    61 | D:1      | Reached skill level 1 in Dodging
    61 | D:1      | Gained mutation: You are partially covered in icy blue
                  | scales. (AC +2) [demonic ancestry]
    61 | D:1      | Reached XP level 2. HP: 4/24 MP: 2/2
   263 | D:1      | Reached XP level 3. HP: 26/29 MP: 3/3
   277 | D:1      | XOM: silly message
   293 | D:1      | Found a faded altar of an unknown god.
   761 | D:2      | Reached skill level 1 in Stealth
   761 | D:2      | Reached XP level 4. HP: 30/35 MP: 4/4
   905 | D:2      | XOM: 7-stop teleportation journey
  1014 | D:2      | Learned a level 3 spell: Mephitic Cloud
  1065 | D:2      | XOM: give mutations
  1065 | D:2      | Gained mutation: Your mind is acute. (Int +4, Str/Dex -1)
                  | [Xom's mischief]
  1065 | D:2      | Gained mutation: You possess an exceptional clarity of
                  | mind. [Xom's mischief]
  1065 | D:2      | Gained mutation: You passively map a small area around you.
                  | [Xom's mischief]
  1065 | D:2      | Gained mutation: Your magical capacity is low. (-10% MP)
                  | [Xom's mischief]
  1403 | D:3      | Reached skill level 1 in Unarmed Combat
  1403 | D:3      | Reached XP level 5. HP: 41/42 MP: 5/5
  1721 | D:3      | XOM: swap monsters
  1765 | D:3      | XOM: silly message
  1857 | D:3      | Found a stormy altar of Qazlal.
  1894 | D:3      | XOM: summons 1 hostile demon
  1922 | D:3      | XOM: stat loss: -1 Str (12/13)
  1926 | D:3      | XOM: summons 3 hostile demons
  1994 | D:3      | XOM: noise
  2059 | D:4      | Noticed Eustachio
  2061 | D:4      | XOM: potion effect (brilliance)
  2071 | D:4      | XOM: silly message
  2084 | D:4      | XOM: noise
  2090 | D:4      | Killed Eustachio
  2091 | D:4      | Reached skill level 1 in Spellcasting
  2091 | D:4      | Gained mutation: You are faintly shadowed, very rarely
                  | releasing foul flame when damaged in melee. [demonic
                  | ancestry]
  2091 | D:4      | Reached XP level 6. HP: 39/48 MP: 5/6
  2319 | D:4      | Noticed Pikel
  2332 | D:4      | HP: 2/48 [Pikel/+1 whip of flaming (2)]
  2332 | D:4      | Slain by a lemure

Illustrated notes

Levels and vault maps discovered:
D:1:      ebering_trefoil_twist, layout_rooms,
          dreamdust_ecumenical_altar_hidden_monk_grotto,
          hangedman_decor_peaks_small, nicolae_grassy_gnolls
D:2:      layout_basic, minmay_tromino_mix6
D:3:      layout_loops_ring, marbit_many_paths
D:4:      layout_basic, mainiacjoe_overflow_cross_hatched, uniq_eustachio,
          uniq_pikel

Skill      XL: |  1  2  3  4  5 |
---------------+----------------+-----
Axes           | 3 4 |  4.1
Dodging        | 1 2 |  2.1
Armour         | 2 |  2.5
Stealth        | 1 2 |  2.1
Unarmed Combat | 1 |  1.3
Fighting       | 4 |  4.0
Spellcasting   | 1 |  1.2
Conjurations   | |  0.7
Alchemy        | |  0.7
Evocations     | |  0.7

Action                     |  1- 3 |  4- 6 || total
---------------------------+-------+-------++-------
  Melee: Hand axe          |    75 |   181 ||   256
    Use: Scroll            |     1 |     6 ||     7
   Stab: Confused          |     2 |     2 ||     4
         Sleeping          |       |     6 ||     6
         Petrifying        |       |     1 ||     1
         Paralysed         |       |     1 ||     1
 Armour: Leather armour    |    52 |   127 ||   179
  Dodge: Dodged            |    57 |   134 ||   191

Table legend: (Time is in decaauts)
 A = Elapsed time spent in this place.
 B = Non-inter-level travel time spent in this place.
 C = Inter-level travel time spent in this place.
 D = Time resting spent in this place.
 E = Time spent auto-exploring this place.
 F = Levels seen in this place.
 G = Mean time per level.
                   A        B        C        D        E       F      G
               +--------+--------+--------+--------+--------+-----+--------+
         Total |   2362 |   2219 |    143 |     97 |   1535 |   4 |  590.5 |
       Dungeon |   2362 |   2219 |    143 |     97 |   1535 |   4 |  590.5 |
               +--------+--------+--------+--------+--------+-----+--------+

Top non-repeatable levels by time:
     D:3: 782 daAuts
     D:1: 680 daAuts
     D:2: 622 daAuts
     D:4: 276 daAuts
